 Dungeon Crawl Stone Soup version 0.26.0-18-gc5c842f807 (webtiles) character file.

Game seed: 6718899736471683328

84 pkoi the Ruffian (level 4, -1/42 HPs)
             Began as a Troll Gladiator on Jan 23, 2021.
             Slain by Grinder (9 damage)
             ... while paralysed by Grinder
             ... on level 3 of the Dungeon.
             The game lasted 00:01:13 (845 turns).

pkoi the Ruffian (Troll Gladiator)                   Turns: 845, Time: 00:01:14

Health: -1/42      AC:  6    Str: 23    XL:     4   Next: 24%
Magic:  3/3        EV:  1    Int:  4    God:
Gold:   67         SH:  0    Dex: 11    Spells: 3/3 levels left

rFire    . . .     SeeInvis .     - Unarmed
rCold    . . .     Faith    .   (no shield)
rNeg     . . .     Spirit   .   a - +0 robe
rPois    .         Reflect  .   b - +0 hat
rElec    .         Harm     .   (no cloak)
rCorr    .         Rampage  .   (gloves unavailable)
Will     .....                  (boots unavailable)
Stlth    +.........             (no amulet)
HPRegen  0.54/turn              (no ring)
MPRegen  0.08/turn              (no ring)

@: paralysed
A: large, unfitting armour, claws 3, regeneration 1, shaggy fur 1, tough skin 3
a: no special abilities


You were on level 3 of the Dungeon.
You visited 1 branch of the dungeon, and saw 4 of its levels.

You collected 67 gold pieces.

Inventory:

Missiles
 c - 3 throwing nets (quivered)
 n - 16 poisoned darts
Armour
 a - a +0 robe (worn)
 b - a +0 hat (worn)
Wands
 m - a wand of paralysis (2)
Scrolls
 d - 3 scrolls of teleportation
 f - a scroll of identify
 i - a scroll of immolation {unknown}
 l - a scroll of remove curse {unknown}
Potions
 e - a potion of attraction {unknown}
 g - a potion of might
 h - a potion of degeneration {unknown}
 j - 2 potions of mutation {unknown}
 k - a potion of brilliance {unknown}
 o - a potion of cancellation {unknown}


   Skills:
 + Level 2.1 Fighting
 - Level 1.7 Throwing
 + Level 2.9 Dodging
 * Level 4.3 Unarmed Combat


You had 3 spell levels left.
You didn't know any spells.
Your spell library was empty.

Dungeon Overview and Level Annotations

Branches:
Dungeon (4/15)
 Temple: D:4-7

Altars:
Wu Jian

Annotations:
D:3 Grinder


Innate Abilities, Weirdness & Mutations

You are too large for most types of armour.
You have claws for hands.
Your natural rate of healing is unusually fast.
You are covered in fur. (AC +1)
You have extremely tough skin. (AC +3)


Message History

The quokka barely misses you. The kobold hits you but does no damage.
The quokka barely misses you. Grinder closely misses you.
You barely miss Grinder.
Grinder is lightly wounded.
The kobold hits you but does no damage. The quokka bites you.
Grinder gestures at you.
You suddenly lose the ability to move!
The kobold hits you but does no damage. The quokka bites you. Grinder hits you!
You writhe in agony.
The kobold hits you but does no damage. The quokka bites you. Grinder hits you.
You writhe in agony.
The quokka bites you. The kobold hits you but does no damage. Grinder hits you.
* * * LOW HITPOINT WARNING * * *
You writhe in agony.
* * * LOW HITPOINT WARNING * * *
The quokka bites you but does no damage.
The kobold hits you but does no damage.
The quokka bites you but does no damage.
Grinder hits you!
You die...

..# # #.#.#
##+##.#.#####
#....>(......
#.....#.#####
##....(....$..
#.(......#####
#........#
#....@.♣....♣
#...Kr5♣♣.♣♣♣
#......♣ ♣.♣
#......♣ ♣♣
#......♣
#.......
#####... #..♣.


You could see Grinder, a quokka and a kobold.

Vanquished Creatures
  A worker ant (D:4)
  An adder (D:2)
  A worm (D:2)
  2 dart slugs
  4 leopard geckos
  A ball python (D:1)
  2 giant cockroaches
  2 goblins
  4 hobgoblins
  3 jackals (D:1)
  4 kobolds (D:1)
  A quokka (D:2)
  5 bats
  2 frilled lizards (D:1)
  6 rats
39 creatures vanquished.

Notes
Turn   | Place    | Note
-------+----------+-------------------------------------------
     0 | D:1      | pkoi the Troll Gladiator began the quest for the Orb.
     0 | D:1      | Reached XP level 1. HP: 19/19 MP: 0/0
    72 | D:1      | Reached XP level 2. HP: 27/27 MP: 1/1
   550 | D:2      | Reached XP level 3. HP: 35/35 MP: 2/2
   693 | D:2      | Reached skill level 4 in Unarmed Combat
   781 | D:2      | Found an ornate altar of the Wu Jian Council.
   804 | D:2      | You fall into a shaft and drop 2 floors!
   812 | D:4      | Reached XP level 4. HP: 42/42 MP: 3/3
   837 | D:3      | Noticed Grinder
   841 | D:3      | Paralysed by Grinder for 5 turns
   845 | D:3      | Slain by Grinder

Illustrated notes

Levels and vault maps discovered:
D:1:      dpeg_arrival_arbitrary_a, layout_rooms, due_unseen_surprise
D:2:      layout_basic, lemuel_crystal_altar, chequers_hall_statues_y,
          uniq_natasha
D:3:      layout_basic, pdpol_temple_overflow_zin_treasury_gozag_greed,
          chequers_ecumenical_altar_grove, item_on_display_a, uniq_ijyb,
          uniq_grinder
D:4:      layout_rooms, old_standard_altar, old_standard_altar

Skill      XL: |  1  2  3 |
---------------+----------+-----
Unarmed Combat | 4 |  4.3
Fighting       | 2 |  2.1
Throwing       | |  1.7
Dodging        | |  2.9

Action                   |  1- 3 |  4- 6 || total
-------------------------+-------+-------++-------
Melee: Unarmed           |    89 |     5 ||    94
       Punch             |     2 |       ||     2
  Use: Scroll            |     3 |       ||     3
 Stab: Sleeping          |     1 |       ||     1
Armor: Robe              |    35 |     8 ||    43
Dodge: Dodged            |    42 |     5 ||    47
